 Dungeon Crawl Stone Soup version 0.29.1-12-g30fa7ad0bf (webtiles) character file.

Game seed: 14815124552842049300

17266 FexLirch the Thaumaturge (level 11, -2/85 HPs)
             Began as a Demigod Earth Elementalist on Jan 5, 2023.
             Killed from afar by an ogre mage (28 damage)
             ... with a bolt of magma
             ... on level 11 of the Dungeon.
             The game lasted 00:38:24 (9584 turns).

FexLirch the Thaumaturge (DgEE)                     Turns: 9584, Time: 00:38:24

Health: -2/85      AC: 13    Str:  9    XL:     11   Next: 89%
Magic:  40/40      EV: 14    Int: 38    God:
Gold:   662        SH:  0    Dex: 18    Spells: 20/34 levels left

rFire   . . .      SeeInvis .   T - +8 hand axe of Karma {vorpal, Int+3}
rCold   . . .      Faith    .   (no shield)
rNeg    . . .      Spirit   .   X - +2 troll leather armour
rPois   .          Reflect  .   C - +2 helmet
rElec   .          Harm     .   i - +0 cloak
rCorr   .          Rampage  .   H - +2 pair of gloves
Will    +....                   (no boots)
Stlth   +.........              u - amulet of magic regeneration
HPRegen 1.04/turn               c - +6 ring of intelligence
MPRegen 0.67/turn               A - ring of Butchery {+Blink MP+9 Dex+4}

@: confused, sluggish, ambrosia-drunk, very slow
A: high MP 1, forlorn, divine attributes
a: Evoke Blink


You were on level 11 of the Dungeon.
You visited 2 branches of the dungeon, and saw 13 of its levels.

You collected 827 gold pieces.
You spent 165 gold pieces at shops.

Inventory:

Hand Weapons
 q - a +0 demon whip of venom
 I - a +2 vampiric hand axe
 T - the +8 hand axe of Karma (weapon) {vorpal, Int+3}
   (You found it on level 7 of the Dungeon)

   It inflicts extra damage upon your enemies.
   Int:       It affects your intelligence (+3).
Missiles
 y - 7 javelins
 B - 3 throwing nets
 U - 5 atropa-tipped darts
Armour
 i - a +0 cloak (worn)
 C - a +2 helmet (worn)
 G - a +0 robe of cold resistance
 H - a +2 pair of gloves (worn)
 X - a +2 troll leather armour (worn)
 Z - +0 acid dragon scales
Jewellery
 b - the ring of Vanity {+Blink Fly rC+ Int-5}
   (You took it off a centaur warrior on level 11 of the Dungeon)

   [ring of flight]

   Int:       It affects your intelligence (-5).
   rC:        It protects you from cold.
   Fly:       It grants you flight.
   +Blink:    It lets you blink.
 c - a +6 ring of intelligence (left hand)
 u - an amulet of magic regeneration (around neck)
 w - a +6 ring of intelligence
 A - the ring of Butchery (right hand) {+Blink MP+9 Dex+4}
   (You took it off an ogre mage on level 11 of the Dungeon)

   [ring of magical power]

   Dex:       It affects your dexterity (+4).
   MP:        It affects your magic capacity (+9).
   +Blink:    It lets you blink.
 L - a ring of protection from fire
 M - a ring of willpower
 N - a ring of poison resistance
 R - a ring of willpower
 W - a +4 ring of protection
Wands
 f - a wand of mindburst (4)
 p - a wand of quicksilver (21)
 r - a wand of charming (17)
 v - a wand of roots (17)
 J - a wand of flame (7)
Scrolls
 a - a scroll of noise {unknown}
 e - 3 scrolls of teleportation
 g - 2 scrolls of immolation {unknown}
 m - a scroll of fog {unknown}
 n - a scroll of magic mapping {unknown}
 s - 2 scrolls of fear
 t - a scroll of blinking
 z - a scroll of summoning {unknown}
 K - a scroll of torment {unknown}
 P - 3 scrolls of amnesia {unknown}
 Q - a scroll of poison {unknown}
 V - 2 scrolls of vulnerability
Potions
 d - 4 potions of curing
 h - 2 potions of berserk rage
 j - 3 potions of mutation
 k - 6 potions of resistance
 l - 4 potions of flight
 o - 8 potions of haste
 x - 5 potions of might
 D - 3 potions of attraction
 E - 8 potions of lignification
 F - 4 potions of ambrosia
 O - a potion of invisibility {unknown}
 S - 3 potions of heal wounds {unknown}
 Y - 2 potions of brilliance


   Skills:
 + Level 4.6 Fighting
 + Level 5.1 Dodging
 - Level 1.7 Stealth
 - Level 12.1 Spellcasting
 - Level 4.0 Conjurations
 * Level 6.2 Transmutations
 * Level 6.1 Air Magic
 - Level 6.0 Earth Magic


You had 20 spell levels left.
You knew the following spells:

 Your Spells              Type           Power      Damage    Failure   Level
a - Sandblast             Erth           100%       2d20      1%          1
b - Passwall              Tmut/Erth      51%        N/A       1%          2
c - Stone Arrow           Conj/Erth      100%       3d13      1%          3
d - Mephitic Cloud        Conj/Pois/Air  48%        N/A       1%          3
e - Swiftness             Air            63%        N/A       1%          3
f - Blink                 Tloc           46%        N/A       3%          2

Your spell library contained the following spells:

 Spells                   Type           Power      Damage    Failure   Level
 Magic Dart               Conj           100%       1d8       1%          1
 Shock                    Conj/Air       100%       1d9       1%          1
 Poisonous Vapours        Pois/Air       92%        N/A       1%          2
 Static Discharge         Conj/Air       58%        3-11/arc  1%          2
 Airstrike                Air            31%        2d(5-21)  1%          4
 Petrify                  Tmut/Erth      62%        N/A       1%          4
 Call Imp                 Summ           23%        N/A       3%          2
 Corpse Rot               Necr/Pois/Air  38%        N/A       10%         4
 Sticky Flame             Conj/Fire      38%        2d6       10%         4
 Dispel Undead            Necr           23%        3d12      22%         4
 Manifold Assault         Tloc           23%        N/A       54%         5
 Storm Form               Tmut/Air       31%        N/A       83%         7


Dungeon Overview and Level Annotations

Branches:
Dungeon (12/15)            Temple (1/1) D:5            Lair (0/5) D:8
    Orc (0/2) D:9

Shops:
D:1 (   D:3 (   D:8 !   D:10 *

Annotations:
D:3 1 runed translucent door, exclusion: downstairs, TheSexyCheese's ghost, novice HOFi
D:9 exclusion: cyclops
D:11 2 runed translucent doors
D:12 Psyche


Innate Abilities, Weirdness & Mutations

You have an increased reservoir of magic. (+10% MP)
You shall have no god before yourself.
Your divine heritage dramatically boosts your attributes as you level up.


Message History

The stone arrow hits something!!
The orc zaps a wand.
The puff of flame misses you.
You hear some strange, mumbled words.
A bolt of magma appears from out of thin air!
The bolt of magma hits you!!
* * * LOW HITPOINT WARNING * * *
Casting: Stone Arrow (safe; 1% risk of failure)
Confirm with . or Enter, or press ? or * to list all spells.
Aiming: Stone Arrow (safe; 1% risk of failure)
Press: ? - help, Shift-Dir - straight line The orc zaps a wand.
The puff of flame hits you.
* * * LOW HITPOINT WARNING * * *
You hear some strange, mumbled words.
A bolt of magma appears from out of thin air!
The bolt of magma hits you!
* * * LOW HITPOINT WARNING * * *
Press: ? - help, v - describe, . - travel
Here: an orc, wielding a +0 club, wearing a +0 chain mail, wearing a +4 ring of protection and carrying a wand of flame (4)
The floor.
Unknown command.
Unknown command.
You are confused.
You feel invigorated. The orc hits you but does no damage. Something hits you.
* * * LOW HITPOINT WARNING * * *
You hit the orc.
You kill the orc!
You hear some strange, mumbled words.
You suddenly lose the ability to move!
You hear some strange, mumbled words.
A bolt of magma appears from out of thin air!
The bolt of magma hits you!
* * * LOW HITPOINT WARNING * * *
Something hits you but does no damage.
You can move again.
Items here: ) = [[ †.
You bump into the stone wall.
You hear some strange, mumbled words.
A bolt of magma appears from out of thin air!
The bolt of magma hits you!!
You die...

###..# .......#.+C.+.#..##†## #
####.## .##..o...#CC#####.#..# #
......# .........####.....##.###
......## #...........(#######..##
.......# .........##)#{)...)##.#.
.......##.........(.########.#...
........#..........o.{.o.Q...#.##
.....##.#####################(.##
)....##..)..)...@{.....){......##
........##...=..)..#.########.##
<...[######..#.........# #.###
###########............# #.#.. #
##......#..........# #....
##..............##### ##...
#................# ##..
#...............># #..
#................# #..


There were no monsters in sight!

Vanquished Creatures
  An ogre mage (D:11)
  A hydra (D:11)
  Erica (D:8)
  2 two-headed ogres
  2 centaur warriors
  Urug (D:10)
  2 tengu warriors (D:11)
  Amaemon (D:9)
  A skeletal warrior (D:11)
  2 manticores
  2 cyclopes (D:11)
  A gargoyle (D:11)
  An orange demon (D:9)
  2 komodo dragons
  An unseen horror (D:10)
  A hornet (D:10)
  A troll (D:8)
  3 slime creatures (D:12)
  A shadow (D:10)
  A wyvern (D:11)
  12 yaks
  A wraith (D:9)
  3 vampire mosquitoes
  An acid dragon (D:8)
  4 orc warriors
  A swamp drake (D:9)
  A black bear (D:4)
  A sky beast (D:7)
  A wolf (D:7)
  3 centaurs
  3 kobold brigands
  2 bullfrogs (D:7)
  A gnoll sergeant (D:12)
  8 scorpions
  2 necrophages
  6 wights
  10 killer bees
  A killer bee (shapeshifter) (D:11)
  A howler monkey (D:7)
  2 electric eels (D:8)
  A jelly (D:6)
  7 hounds
  7 orc priests
  2 iguanas
  11 orc wizards
  A mummy (D:4)
  5 adders
  A white imp (D:8)
  An ufetubus (D:5)
  3 worms
  4 dart slugs
  52 orcs
  10 ball pythons
  6 endoplasms
  3 giant cockroaches
  4 goblins
  5 hobgoblins
  2 jackals (D:3)
  15 kobolds
  2 quokkas
  9 bats
  6 frilled lizards
  8 rats
257 creatures vanquished.

Vanquished Creatures (others)
  3 plants (D:4)
3 creatures vanquished.

Grand Total: 260 creatures vanquished

Notes
Turn   | Place    | Note
-------+----------+-------------------------------------------
     0 | D:1      | FexLirch the Demigod Earth Elementalist began the quest for
                  | the Orb.
     0 | D:1      | Reached XP level 1. HP: 14/14 MP: 5/5
   120 | D:1      | Found Suxkijur's Antique Weapon Shoppe.
   191 | D:1      | Reached skill level 2 in Spellcasting
   295 | D:1      | Reached XP level 2. HP: 20/20 MP: 5/7
   391 | D:1      | Learned a level 2 spell: Passwall
   428 | D:1      | Reached skill level 1 in Conjurations
   975 | D:2      | Reached XP level 3. HP: 26/26 MP: 6/9
  1619 | D:3      | Found Oxykaoxu's Weapon Emporium.
  1913 | D:3      | Reached XP level 4. HP: 33/33 MP: 8/10
  2061 | D:3      | Found a runed translucent door.
  2062 | D:3      | Noticed TheSexyCheese's ghost (novice HOFi)
  2420 | D:4      | Learned a level 3 spell: Stone Arrow
  2446 | D:4      | Reached skill level 3 in Spellcasting
  2446 | D:4      | Reached XP level 5. HP: 38/38 MP: 3/12
  2778 | D:4      | Reached XP level 6. HP: 43/45 MP: 8/14
  3425 | D:5      | Entered Level 5 of the Dungeon
  3636 | D:5      | Reached skill level 4 in Spellcasting
  3650 | D:5      | Reached XP level 7. HP: 50/50 MP: 12/16
  3656 | D:5      | Reached skill level 5 in Earth Magic
  3735 | D:5      | Learned a level 3 spell: Mephitic Cloud
  3914 | D:5      | Found a staircase to the Ecumenical Temple.
  3925 | Temple   | Entered the Ecumenical Temple
  4538 | D:6      | Reached skill level 5 in Spellcasting
  4964 | D:8      | Noticed a troll
  4975 | D:8      | Killed a troll
  4976 | D:8      | Reached skill level 6 in Spellcasting
  4976 | D:8      | Reached XP level 8. HP: 51/57 MP: 12/21
  5157 | D:7      | Reached skill level 7 in Spellcasting
  5297 | D:7      | Identified the +8 hand axe of Karma {vorpal, Int+3}
  5568 | D:7      | Reached skill level 8 in Spellcasting
  5684 | D:8      | Noticed Erica
  5779 | D:8      | Found a staircase to the Lair.
  5838 | D:8      | Reached XP level 9. HP: 13/62 MP: 16/25
  5846 | D:8      | HP: 3/62 [poisoned by a killer bee]
  5851 | D:8      | HP: 3/62 [poisoned by a killer bee]
  5956 | D:8      | Killed Erica
  5957 | D:8      | Reached skill level 9 in Spellcasting
  6001 | D:8      | Found Cilihigrung's Distillery.
  6009 | D:8      | Bought a potion of brilliance for 44 gold pieces
  6009 | D:8      | Bought a potion of curing for 33 gold pieces
  6009 | D:8      | Bought a potion of ambrosia for 88 gold pieces
  6033 | D:8      | Reached skill level 10 in Spellcasting
  6508 | D:9      | Noticed a cyclops
  6664 | D:9      | Noticed a two-headed ogre
  6708 | D:10     | Entered Level 10 of the Dungeon
  6708 | D:10     | Found Hauz's Assorted Antiques.
  6963 | D:10     | Reached skill level 11 in Spellcasting
  6969 | D:10     | Reached XP level 10. HP: 69/69 MP: 6/29
  6989 | D:10     | Learned a level 3 spell: Swiftness
  7291 | D:10     | Noticed a two-headed ogre
  7296 | D:10     | Killed a two-headed ogre
  7297 | D:10     | Reached skill level 1 in Fighting
  7336 | D:10     | Noticed a manticore
  7351 | D:10     | Noticed Urug
  7357 | D:10     | Killed Urug
  7358 | D:10     | Reached skill level 1 in Transmutations
  7358 | D:10     | Reached skill level 1 in Air Magic
  7557 | D:9      | Noticed Amaemon
  7653 | D:9      | Found a staircase to the Orcish Mines.
  7794 | D:9      | Learned a level 2 spell: Blink
  7861 | D:9      | Killed Amaemon
  8392 | D:10     | Killed a manticore
  8512 | D:12     | Noticed a cyclops
  8513 | D:12     | Noticed Psyche
  8540 | D:12     | Noticed a skeletal warrior
  8540 | D:12     | Noticed a skeletal warrior
  8540 | D:12     | Noticed a skeletal warrior
  8541 | D:12     | Noticed a skeletal warrior
  8544 | D:12     | Noticed a skeletal warrior
  8830 | D:11     | Reached skill level 12 in Spellcasting
  8842 | D:11     | Reached XP level 11. HP: 59/81 MP: 21/31
  8842 | D:11     | Found a runed translucent door.
  8842 | D:11     | Found a runed translucent door.
  8881 | D:11     | Noticed a five-headed hydra
  8889 | D:11     | Killed a five-headed hydra
  8891 | D:11     | Noticed a seven-headed hydra
  8949 | D:11     | Identified the amulet "Kiakat" {RegenMP rC+ Will- Regen+}
  8950 | D:11     | Noticed a rakshasa
  8951 | D:11     | Noticed a tengu warrior
  8955 | D:11     | Noticed a two-headed ogre
  9102 | D:12     | Noticed a centaur warrior
  9107 | D:12     | Killed a centaur warrior
  9116 | D:12     | Noticed a deep elf pyromancer
  9163 | D:11     | Identified the ring of Vanity {+Blink Fly rC+ Int-5}
  9163 | D:11     | Noticed a centaur warrior
  9252 | D:11     | Killed a two-headed ogre
  9253 | D:11     | Reached skill level 5 in Transmutations
  9253 | D:11     | Reached skill level 5 in Air Magic
  9288 | D:11     | Noticed a skeletal warrior
  9336 | D:11     | Killed a skeletal warrior
  9366 | D:11     | Killed a centaur warrior
  9400 | D:11     | Identified the ring of Butchery {+Blink MP+9 Dex+4}
  9400 | D:11     | Noticed an ogre mage
  9404 | D:11     | Killed an ogre mage
  9450 | D:11     | Reached skill level 5 in Dodging
  9465 | D:11     | Identified the ring of Ugat {Fly rPois Str+3 Stlth-}
  9465 | D:11     | Noticed a tengu warrior
  9493 | D:11     | Killed a tengu warrior
  9542 | D:11     | Noticed an ogre mage
  9543 | D:11     | Paralysed by an ogre mage for 3 turns
  9575 | D:11     | Killed a tengu warrior
  9581 | D:11     | Paralysed by something for 3 turns
  9584 | D:11     | Killed from afar by an ogre mage

Illustrated notes

Levels and vault maps discovered:
D:1:      scummos_arrival_gate, layout_basic, serial_shops, shop
D:2:      layout_rooms, basic_ecumenical_altar, minmay_misc_feat_chi
D:3:      layout_rooms, lemuel_doored_altar, mainiacjoe_overflow_paths,
          serial_shops, shop_coins, ebering_ghost_reflecting_pool
D:4:      layout_loops_ring, slow_altar_2, mainiacjoe_overflow_brackets,
          mainiacjoe_overflow_boulevard
D:5:      layout_layer_cave, nicolae_qazlal_general_emergency,
          nzn_hepliaklqana_mist_gate, nicolae_ru_the_path_less_chosen,
          mainiacjoe_overflow_cross_hatched, minmay_temple_entry_hall
D:6:      layout_loops_ring
D:7:      layout_loops_ring, mainiacjoe_overflow_small_starburst,
          mainiacjoe_overflow_concentric_impassable
D:8:      layout_cave_pools, erik_lair_island, serial_shops, shop, uniq_erica
D:9:      layout_roguey, tso_oasis_becter, general_overflow_altar, erik_orc_1,
          minmay_misc_feat_tower, uniq_amaemon
D:10:     layout_loops_corners, serial_shops, shop, uniq_urug
D:11:     minmay_the_grid_triangle_9x9_rhombus_full_mashed
          [minmay_the_grid_triangle_9x9_limited_checkers,
          minmay_the_grid_triangle_9x9_shrine,
          minmay_the_grid_triangle_9x9_impossible_snake,
          minmay_the_grid_triangle_9x9_tough_junction,
          minmay_the_grid_triangle_9x9_empty,
          minmay_the_grid_triangle_9x9_alien,
          minmay_the_grid_triangle_9x9_descending_squares,
          minmay_the_grid_triangle_9x9_prize_special], layout_rooms
D:12:     minmay_expanding_squares, layout_irregular_city, uniq_psyche
Temple:   hellmonk_temple_forest_ring

Skill      XL: |  1  2  3  4  5  6  7  8  9 10 11 |
---------------+----------------------------------+-----
Spellcasting   | 2 3 4 6 8 11 12 | 12.1
Earth Magic    | 3 4 6 |  6.0
Conjurations   | 1 2 3 4 |  4.0
Dodging        | 3 5 |  5.1
Fighting       | 2 4 |  4.6
Transmutations | 3 6 |  6.2
Air Magic      | 3 6 |  6.1
Stealth        | |  1.7

Action                   |  1- 3 |  4- 6 |  7- 9 | 10-12 || total
-------------------------+-------+-------+-------+-------++-------
Melee: Unarmed           |    12 |       |       |       ||    12
       Hand axe          |     2 |     2 |     3 |    10 ||    17
       Punch             |       |       |       |     1 ||     1
 Cast: Sandblast         |    70 |    32 |    91 |    26 ||   219
       Stone Arrow       |       |    19 |    75 |   155 ||   249
       Mephitic Cloud    |       |       |     6 |    24 ||    30
       Passwall          |       |       |     1 |     3 ||     4
       Swiftness         |       |       |       |     5 ||     5
Evoke: Wand              |       |       |       |     3 ||     3
  Use: Scroll            |       |       |     8 |     9 ||    17
       Potion            |       |       |     2 |     4 ||     6
Armor: Robe              |     5 |     9 |    12 |       ||    26
       Troll leather arm |       |       |    20 |    56 ||    76
Dodge: Dodged            |    33 |    12 |    56 |    58 ||   159
